 Dungeon Crawl Stone Soup version 0.29-a0-553-g81b289dbe5 (webtiles) character file.

Game seed: 5181152881779791503

106 grumblor the Skirmisher (level 4, -5/37 HPs)
             Began as a Mummy Fighter on June 6, 2022.
             Slain by a gnoll
             ... wielding a +0 spear
              (7 damage)
             ... on level 3 of the Dungeon.
             The game lasted 00:01:47 (2123 turns).

grumblor the Skirmisher (Mummy Fighter)             Turns: 2123, Time: 00:01:47

Health: -5/37      AC:  8    Str: 21    XL:     4   Next: 55%
Magic:  4/4        EV:  9    Int:  7    God:
Gold:   139        SH:  4    Dex: 11    Spells: 3/3 levels left

rFire   x . .      SeeInvis .   a - +0 war axe
rCold   + . .      Faith    .   c - +0 buckler
rNeg    + + +      Spirit   .   b - +0 scale mail
rPois   ∞          Reflect  .   (no helmet)
rElec   .          Harm     .   (no cloak)
rCorr   .          Rampage  .   i - +0 pair of gloves
Will    .....                   f - +0 pair of boots
Stlth   ..........              (no amulet)
HPRegen 0.12/turn               (no ring)
MPRegen 0.09/turn               (no ring)

@: no status effects
A: cold resistance 1, negative energy resistance 3, torment resistance 2, heat
vulnerability 1, in touch with death 1, no potions
a: no special abilities


You were on level 3 of the Dungeon.
You visited 1 branch of the dungeon, and saw 3 of its levels.

You collected 139 gold pieces.

Inventory:

Hand Weapons
 a - a +0 war axe (weapon)
Armour
 b - a +0 scale mail (worn)
 c - a +0 buckler (worn)
 f - a +0 pair of boots (worn)
 i - a +0 pair of gloves (worn)
Jewellery
 e - a ring of fire
Scrolls
 d - a scroll of noise {unknown}
 g - a scroll of fog
 h - a scroll of poison
 j - 2 scrolls of summoning {unknown}


   Skills:
 * Level 4.2 Fighting
 + Level 3.1 Axes
 - Level 2.4 Armour
 - Level 2.4 Shields


You had 3 spell levels left.
You didn't know any spells.
Your spell library was empty.

Dungeon Overview and Level Annotations

Branches:
Dungeon (3/15)

Altars:


Innate Abilities, Weirdness & Mutations

You are immune to poison.
Your flesh is cold resistant. (rC+)
You are immune to negative energy. (rN+++)
You are immune to unholy pain and torment.
You are vulnerable to heat. (rF-)
You are in touch with the powers of death.
You do not drink.


Message History

The gnoll misses you. The goblin hits you but does no damage.
You barely miss the gnoll.
The gnoll is moderately wounded.
You hit the goblin but do no damage. The gnoll closely misses you.
The goblin barely misses you. The gnoll barely misses you.
Unknown command.
The gnoll attacks as you move away! You block the gnoll's attack.
You slash the gnoll!
You kill the gnoll!
You closely miss the goblin. The gnoll barely misses you.
The goblin closely misses you.
Unknown command.
You block the goblin's attack. The gnoll hits you with a +0 spear.
* * * LOW HITPOINT WARNING * * *
You see here a +0 whip.
You slash the gnoll!
The gnoll is severely wounded.
You hit the goblin.
You kill the goblin!
The gnoll hits you with a +0 spear.
* * * LOW HITPOINT WARNING * * *
You block the gnoll's attack.
You hit the gnoll but do no damage.
The gnoll is severely wounded.
The gnoll completely misses you.
You hit the gnoll.
The gnoll is almost dead.
You block the gnoll's attack. The gnoll hits you but does no damage.
You hit the gnoll but do no damage.
The gnoll is almost dead.
The gnoll misses you.
You hit the gnoll but do no damage.
The gnoll is almost dead.
The gnoll hits you with a +0 spear.
* * * LOW HITPOINT WARNING * * *
Unknown command.
You closely miss the gnoll.
The gnoll is almost dead.
The gnoll barely misses you. The gnoll hits you with a +0 spear!
You die...

......# .#. )#.##.# #... ..#
.#....# #... #.# .####.# #... #.#
..†##.# #...###### #.#####
......# ####........######......
##.##.#.).............##.......#.
##..............).)....#.#####...
##..#.#.........@.†....#.# #.#.
##..#.#######..g####.#.#.# #...
....#.# #... ...#.#># #.##
#.....# #.$. #####(#.#####.##
....### #... #............. #.###
#... #.....##..#.## #.#
#...................# #.#
##..####.....###.##.# #.#####
#.....# #.##.#


You could see a gnoll.

Vanquished Creatures
  2 gnolls (D:3)
  3 adders (D:2)
  A dart slug (D:1)
  2 worms (D:2)
  An orc (D:2)
  3 endoplasms
  3 giant cockroaches
  5 goblins
  5 hobgoblins
  4 jackals (D:1)
  A quokka (D:1)
  4 ball pythons
  2 bats
  A frilled lizard (D:2)
  6 kobolds
  6 rats
  A spectral hobgoblin (D:2)
50 creatures vanquished.

Notes
Turn   | Place    | Note
-------+----------+-------------------------------------------
     0 | D:1      | grumblor the Mummy Fighter began the quest for the Orb.
     0 | D:1      | Reached XP level 1. HP: 18/18 MP: 1/1
   215 | D:1      | Reached XP level 2. HP: 16/24 MP: 2/2
   909 | D:2      | Gained mutation: You are in touch with the powers of death.
                  | [Mummy growth]
   909 | D:2      | Reached XP level 3. HP: 30/30 MP: 3/3
  1035 | D:2      | Found a faded altar of an unknown god.
  1288 | D:2      | Reached skill level 4 in Fighting
  1492 | D:2      | Reached XP level 4. HP: 33/37 MP: 4/4
  2123 | D:3      | Slain by a gnoll

Illustrated notes

Levels and vault maps discovered:
D:1:      dpeg_arrival_arbitrary_c, layout_basic
D:2:      layout_basic, dreamdust_ecumenical_altar_drowned_temple, fountainhead
D:3:      layout_loops_cross, lightli_temple_of_fire

Skill      XL: |  1  2  3  4 |
---------------+-------------+-----
Axes           | 2 3 |  3.1
Fighting       | 4 |  4.2
Armour         | |  2.4
Shields        | |  2.4

Action                   |  1- 3 |  4- 6 || total
-------------------------+-------+-------++-------
Melee: War axe           |    99 |    56 ||   155
  Use: Scroll            |     1 |     4 ||     5
Armor: Scale mail        |    56 |    37 ||    93
Dodge: Dodged            |    57 |    34 ||    91
Block: Buckler           |    26 |    16 ||    42

Table legend: (Time is in decaauts)
 A = Elapsed time spent in this place.
 B = Non-inter-level travel time spent in this place.
 C = Inter-level travel time spent in this place.
 D = Time resting spent in this place.
 E = Time spent auto-exploring this place.
 F = Levels seen in this place.
 G = Mean time per level.
                   A        B        C        D        E       F      G
               +--------+--------+--------+--------+--------+-----+--------+
         Total |   2196 |   2169 |     27 |     98 |   1654 |   3 |  732.0 |
       Dungeon |   2196 |   2169 |     27 |     98 |   1654 |   3 |  732.0 |
               +--------+--------+--------+--------+--------+-----+--------+

Top non-repeatable levels by time:
     D:2: 1029 daAuts
     D:1: 906 daAuts
     D:3: 260 daAuts
